 Dungeon Crawl Stone Soup version 0.31-a0-188-g5e087ee2ca (webtiles) character file.

Game seed: 11593219160957817152

250 qw the Skirmisher (level 5, -2/29 HPs)
             Began as a Deep Elf Hunter on June 23, 2023.
             Shot with a sling bullet by a goblin (4 damage)
             ... on level 3 of the Dungeon.
             The game lasted 00:00:40 (1980 turns).

qw the Skirmisher (Deep Elf Hunter)                 Turns: 1980, Time: 00:00:40

Health: -2/29      AC:  6    Str: 10    XL:     5   Next: 88%
Magic:  7/7        EV:  9    Int: 14    God:
Gold:   143        SH:  0    Dex: 18    Spells: 4/4 levels left

rFire   . . .        Y - +0 shortbow
rCold   . . .        (shield currently unavailable)
rNeg    . . .        b - +0 scale mail
rPois   .            (no helmet)
rElec   .            (no cloak)
rCorr   .            (no gloves)
SInv    .            (no boots)
Will    .....        (no amulet)
Stlth   +            (no ring)
HPRegen 0.24/turn    (no ring)
MPRegen 0.10/turn

%: no passive effects
@: no status effects
A: no striking features
a: no special abilities


You were on level 3 of the Dungeon.
You visited 1 branch of the dungeon, and saw 3 of its levels.

You collected 143 gold pieces.


   Skills:
 + Level 1.6 Fighting
 - Level 9.4 Ranged Weapons
 - Level 2.4 Dodging
 - Level 1.2 Stealth


You had 4 spell levels left.
You didn't know any spells.
Your spell library was empty.

Inventory:

Hand Weapons
 Y - a +0 shortbow (weapon)
Armour
 b - a +0 scale mail (worn)
Scrolls
 c - a scroll of identify
Potions
 a - a potion of resistance {unknown}
 d - a potion of magic {unknown}
 e - a potion of curing {unknown}
 f - a potion of heal wounds {unknown}
 g - a potion of berserk rage {unknown}
 h - a potion of cancellation {unknown}

Dungeon Overview and Level Annotations

Branches:
Dungeon (3/15)

Altars:

Annotations:
D:2 1 runed translucent door, Crazy Yiuf


Message History

You shoot an arrow. The arrow hits the ogre.
The ogre is moderately wounded.
The goblin hits you but does no damage. The ogre closely misses you.
The goblin hits you but does no damage.
You shoot an arrow. The arrow hits the ogre!
The ogre is severely wounded.
The goblin completely misses you. The ogre hits you with a +0 giant club!
You shoot an arrow. The arrow hits the ogre.
The ogre is severely wounded.
The goblin closely misses you.
You shoot an arrow.
The arrow hits the ogre but does no damage.
The ogre is severely wounded.
The ogre barely misses you. The goblin hits you with a +0 dagger.
The goblin barely misses you.
You shoot an arrow. The arrow hits the ogre!
You kill the ogre!
The goblin shoots a sling bullet.
The sling bullet hits you but does no damage.
The goblin closely misses you.
Your Ranged Weapons skill increases to level 9!
You shoot an arrow. The arrow hits the goblin!
You kill the goblin!
The goblin hits you but does no damage.
You shoot an arrow. The arrow closely misses the goblin. x2
The goblin hits you with a +0 dagger. The goblin barely misses you.
You shoot an arrow. The arrow hits the goblin!
You kill the goblin!
The goblin hits you with a +0 dagger.
You shoot an arrow. The arrow barely misses the goblin.
The goblin hits you but does no damage. The goblin hits you with a +0 club.
The goblin hits you but does no damage. The goblin hits you with a +0 dagger.
You shoot an arrow. The arrow hits the goblin!
You kill the goblin!
The goblin hits you with a +0 dagger.
The goblin shoots a sling bullet.
The sling bullet hits you but does no damage.
You shoot an arrow. The arrow barely misses the goblin.
The goblin closely misses you.
The goblin shoots a sling bullet.
The sling bullet hits you.
You die...

###########
##.........#
#g@#.###.#.#
#)##...#.#.########
#).
#.#.............
#.g
#...#.#.#######.
#.. #..##.#.#
#####.......#
#.......###
#.##.##.#
##.##.##.#


You could see 2 goblins.

Vanquished Creatures
  An ogre (D:3)
  Jessica (D:2)
  Ijyb (D:3)
  Terence (D:2)
  2 adders (D:2)
  A worm (D:2)
  2 dart slugs (D:1)
  6 endoplasms
  2 giant cockroaches
  8 goblins
  7 hobgoblins
  9 jackals
  3 kobolds
  A quokka (D:2)
  3 ball pythons
  6 bats
  3 frilled lizards
  3 rats
60 creatures vanquished.

Notes
Turn   | Place    | Note
-------+----------+-------------------------------------------
     0 | D:1      | qw the Deep Elf Hunter began the quest for the Orb.
     0 | D:1      | Reached XP level 1. HP: 12/12 MP: 3/3
     0 | D:1      | 0 ||| qw: Version: 0.3-a-9-g12657ce
     0 | D:1      | 0 ||| qw: Game counter: 3845
     0 | D:1      | 0 ||| qw: Always use a shield: true
     0 | D:1      | 0 ||| qw: God list: Okawaru
     0 | D:1      | 0 ||| qw: Allow faded altars: false
     0 | D:1      | 0 ||| qw: Do Orc after D:15 true
     0 | D:1      | 0 ||| qw: Do second Lair branch before Depths: true
     0 | D:1      | 0 ||| qw: Lair rune preference: random
     0 | D:1      | 0 ||| qw: Plans: Normal
     0 | D:1      | 0 ||| PLANNING D:1-11
   126 | D:1      | Reached XP level 2. HP: 16/16 MP: 4/4
   194 | D:1      | Reached skill level 6 in Ranged Weapons
   449 | D:1      | Reached XP level 3. HP: 20/20 MP: 5/5
   727 | D:1      | 727 ||| READING 3 scrolls labelled NATRUGHEYPT.
   728 | D:1      | 728 ||| READING scroll labelled RONI FYIGUPHUR.
   729 | D:1      | 729 ||| DROPPING 2 scrolls of noise.
   730 | D:1      | 730 ||| DROPPING scroll of butterflies.
   787 | D:2      | Reached skill level 7 in Ranged Weapons
   874 | D:2      | Noticed Jessica
   881 | D:2      | Killed Jessica
   882 | D:2      | Reached XP level 4. HP: 25/25 MP: 6/6
   893 | D:2      | Noticed Terence
   904 | D:2      | Killed Terence
   905 | D:2      | Reached skill level 8 in Ranged Weapons
   962 | D:2      | Found a runed translucent door.
   963 | D:2      | Noticed Crazy Yiuf
  1609 | D:2      | 1609 ||| UPGRADING to +0 scale mail.
  1619 | D:2      | 1619 ||| DROPPING +0 leather armour.
  1620 | D:2      | 1620 ||| READING scroll labelled UJIRU UDEUMI.
  1748 | D:3      | Noticed Ijyb
  1767 | D:3      | HP: 5/25 [Ijyb/puff of flame (8)]
  1768 | D:3      | Killed Ijyb
  1769 | D:3      | Reached XP level 5. HP: 7/29 MP: 7/7
  1963 | D:3      | Noticed an ogre
  1974 | D:3      | Killed an ogre
  1975 | D:3      | Reached skill level 9 in Ranged Weapons
  1977 | D:3      | HP: 7/29 [goblin/+0 dagger (2)]
  1978 | D:3      | HP: 3/29 [goblin/+0 club (4)]
  1980 | D:3      | Shot with a sling bullet by a goblin

Levels and vault maps discovered:
D:1:      lightli_arrival_maybe_door_vault, layout_loops_ring, st_stairs_14,
          minivault_4
D:2:      layout_loops_cross, uniq_terence, uniq_crazy_yiuf_cottage,
          uniq_jessica
D:3:      layout_loops_cross, kennysheep_slug_shrine, minmay_ogre_servants,
          uniq_ijyb

Skill      XL: |  1  2  3  4  5 |
---------------+----------------+-----
Ranged Weapons | 6 7 8 9 |  9.4
Fighting       | |  1.6
Dodging        | |  2.4
Stealth        | |  1.2

Action                     |  1- 3 |  4- 6 || total
---------------------------+-------+-------++-------
   Fire: Shortbow          |    78 |    86 ||   164
    Use: Scroll            |     2 |     1 ||     3
 Armour: Leather armour    |    13 |     3 ||    16
         Scale mail        |       |    22 ||    22
  Dodge: Dodged            |    14 |    35 ||    49

Table legend:
 A = Non-vault XP
 B = Vault XP
 C = Vault XP percentage of total XP
 D = Non-vault monster count
 E = Vault monster count
 F = Vault count percentage of total count
                 A         B        C        D         E       F
            +---------+---------+-------+---------+---------+-------
      Total |     115 |     243 |  67.9 |      49 |      11 |  18.3
            +---------+---------+-------+---------+---------+-------
        D:1 |      43 |       2 |   4.4 |      24 |       1 |   4.0
        D:2 |      57 |      73 |  56.2 |      16 |       2 |  11.1
        D:3 |      15 |     168 |  91.8 |       9 |       8 |  47.1
            +---------+---------+-------+---------+---------+-------
